 Dungeon Crawl Stone Soup version 0.30.1-11-g7821555f0a (webtiles) character file.

Game seed: 4395547741417708343

840 AppTheSpectato the Shooter (level 7, 0/64 HPs)
             Began as a Minotaur Hunter on Nov 2, 2023.
             Shot with an arrow by a centaur (10 damage)
             ... on level 5 of the Dungeon.
             The game lasted 00:08:42 (2964 turns).

AppTheSpectato the Shooter (Minotaur Hunter)        Turns: 2964, Time: 00:08:43

Health: 0/64       AC:  3    Str: 16    XL:     7   Next: 67%
Magic:  6/6        EV: 28    Int:  6    God:
Gold:   227        SH:  0    Dex: 15    Spells: 6/6 levels left

rFire   . . .        a - +0 shortbow
rCold   + . .        (shield currently unavailable)
rNeg    . . .        c - +0 leather armour
rPois   .            (helmet restricted)
rElec   .            (no cloak)
rCorr   .            (no gloves)
SInv    .            (no boots)
Will    .....        k - amulet of the acrobat
Stlth   +            n - ring of protection from cold
HPRegen 0.30/turn    (no ring)
MPRegen 0.10/turn

%: acrobat
@: acrobatic
A: horns 2, retaliatory headbutt
a: no special abilities


You were on level 5 of the Dungeon.
You visited 1 branch of the dungeon, and saw 5 of its levels.

You collected 227 gold pieces.

Inventory:

Hand Weapons
 a - a +0 shortbow (weapon)
Armour
 c - a +0 leather armour (worn)
Jewellery
 k - an amulet of the acrobat (around neck)
 n - a ring of protection from cold (left hand)
Scrolls
 b - a scroll of immolation
 d - a scroll of vulnerability {unknown}
 f - 4 scrolls of teleportation
 g - 3 scrolls of magic mapping {unknown}
 j - a scroll of brand weapon
 l - a scroll of blinking {unknown}
 o - 2 scrolls of poison {unknown}
 r - a scroll of amnesia {unknown}
 s - a scroll of identify
Potions
 e - 3 potions of curing
 h - a potion of invisibility {unknown}
 i - 2 potions of mutation
 m - 3 potions of brilliance
 p - a potion of ambrosia
 q - 2 potions of heal wounds


   Skills:
 + Level 6.9 Fighting
 + Level 7.4 Ranged Weapons
 - Level 5.0 Dodging
 - Level 0.7 Stealth


You had 6 spell levels left.
You didn't know any spells.
Your spell library contained the following spells:

 Spells                   Type           Power      Damage    Failure   Level
 Sandblast                Erth           0%         2d4       52%         1
 Slow                     Hex            0%         N/A       52%         1
 Lesser Beckoning         Tloc           0%         N/A       67%         2
 Passwall                 Tmut/Erth      0%         N/A       67%         2
 Confusing Touch          Hex            0%         N/A       88%         3
 Gell's Gravitas          Tloc           0%         N/A       88%         3
 Stone Arrow              Conj/Erth      0%         3d7       88%         3
 Teleport Other           Tloc           0%         N/A       88%         3
 Vampiric Draining        Necr           0%         2d6       88%         3


Dungeon Overview and Level Annotations

Branches:
Dungeon (5/15)
 Temple: D:4-7

Altars:

Shops:
D:4 ?


Innate Abilities, Weirdness & Mutations

You have a pair of horns on your head.
You reflexively headbutt those who attack you in melee.


Message History

You see here a +0 dagger.
There is a stone staircase leading down here.
Things that are here:
a +0 short sword; a kobold corpse You climb downwards.
Found 2 boomerangs.
There is a stone staircase leading up here.
You see here the +7 quarterstaff "Amaw" {heavy, +Blink rF- rC+++ Str-3}.
A centaur comes into view.
The centaur shouts!
You shoot an arrow.
The arrow hits the centaur but does no damage.
The centaur wields a +0 shortbow.
The centaur shoots an arrow.
The arrow hits you.
You shoot an arrow. The arrow hits the centaur!
The centaur is heavily wounded.
The centaur shoots an arrow.
The arrow closely misses you.
You shoot an arrow.
The arrow hits the centaur but does no damage.
The centaur is heavily wounded.
The centaur shoots an arrow.
The arrow hits you!
The centaur shoots an arrow.
The arrow closely misses you.
You shoot an arrow.
The arrow completely misses the centaur.
The centaur shoots an arrow.
The arrow closely misses you.
The centaur shoots an arrow.
The arrow hits you.
You shoot an arrow. The arrow hits the centaur!
The centaur is severely wounded.
The centaur shoots an arrow.
The arrow hits you!
You are too injured to fight recklessly!
The centaur shoots an arrow.
The arrow hits you!
* * * LOW HITPOINT WARNING * * *
You are too injured to fight recklessly!
The centaur shoots an arrow.
The arrow hits you!
* * * LOW HITPOINT WARNING * * *
The centaur shoots an arrow.
The arrow barely misses you.
The centaur shoots an arrow.
The arrow completely misses you.
You feel better.
The centaur shoots an arrow.
The arrow barely misses you.
The centaur shoots an arrow.
The arrow hits you!
You die...

##.### # .c.....
....(.##### #
##.##.....#
###.#......<#.#
#.......#.###.#
.######.######.#####
.........c.........#
...####.####.#@#.#)#
...# #.#.....# #####
#.#.#.#.# #.......#
##......# ########


You could see a centaur.

Vanquished Creatures
  Grinder (D:4)
  Menkaure (D:4)
  An ogre (D:4)
  A hound (D:4)
  An orc priest (D:4)
  Terence (D:2)
  An orc wizard (D:4)
  Natasha (thrice) (D:4)
  2 iguanas (D:4)
  Robin (D:2)
  5 adders
  2 ufetubi (D:4)
  6 worms (D:3)
  4 dart slugs
  9 orcs
  7 endoplasms
  5 giant cockroaches
  13 goblins
  13 hobgoblins
  2 jackals (D:3)
  9 kobolds
  2 quokkas
  8 ball pythons
  7 bats
  4 frilled lizards
  5 rats
114 creatures vanquished.

Notes
Turn   | Place    | Note
-------+----------+-------------------------------------------
     0 | D:1      | AppTheSpectato the Minotaur Hunter began the quest for the
                  | Orb.
     0 | D:1      | Reached XP level 1. HP: 18/18 MP: 0/0
   153 | D:1      | Reached XP level 2. HP: 25/25 MP: 1/1
   432 | D:1      | Reached XP level 3. HP: 31/31 MP: 2/2
   525 | D:2      | Noticed Terence
   530 | D:2      | Killed Terence
   537 | D:2      | Reached skill level 5 in Ranged Weapons
   695 | D:2      | Reached XP level 4. HP: 39/39 MP: 3/3
   828 | D:2      | Noticed Robin
   833 | D:2      | Killed Robin
   859 | D:2      | Found a faded altar of an unknown god.
  1194 | D:3      | Reached XP level 5. HP: 46/46 MP: 4/4
  1840 | D:4      | Noticed Natasha
  1844 | D:4      | Killed Natasha
  1997 | D:4      | Noticed Grinder
  2018 | D:4      | Killed Grinder
  2019 | D:4      | Reached skill level 5 in Fighting
  2019 | D:4      | Reached skill level 6 in Ranged Weapons
  2019 | D:4      | Reached XP level 6. HP: 23/56 MP: 5/5
  2177 | D:4      | Found Siadoc's Magic Scroll Emporium.
  2211 | D:4      | Noticed Natasha
  2220 | D:4      | Killed Natasha
  2221 | D:4      | Reached skill level 5 in Dodging
  2354 | D:4      | Noticed Natasha
  2358 | D:4      | Killed Natasha
  2359 | D:4      | Reached XP level 7. HP: 58/62 MP: 6/6
  2673 | D:4      | Noticed Menkaure
  2678 | D:4      | Killed Menkaure
  2679 | D:4      | Reached skill level 7 in Ranged Weapons
  2925 | D:5      | Entered Level 5 of the Dungeon
  2935 | D:5      | Identified the +7 quarterstaff "Amaw" {heavy, +Blink rF-
                  | rC+++ Str-3}
  2957 | D:5      | HP: 1/64 [centaur/arrow (15)]
  2964 | D:5      | Shot with an arrow by a centaur

Illustrated notes

Levels and vault maps discovered:
D:1:      shiori_arrival_oz, layout_basic
D:2:      layout_basic, chequers_ecumenical_altar_island, minmay_crystal_room,
          uniq_terence, uniq_robin
D:3:      layout_loops_cross, nicolae_wormholes
D:4:      layout_loops_ring, serial_shops, shop, grunt_ministairs_2,
          st_stairs_6, uniq_grinder, uniq_natasha, uniq_menkaure
D:5:      gammafunk_wand_slinger, layout_basic,
          nicolae_uskayaw_murder_on_the_dancefloor, serial_glass,
          glass_columns_a, glass_columns_a

Skill      XL: |  1  2  3  4  5  6  7 |
---------------+----------------------+-----
Fighting       | 3 4 5 6 |  6.9
Dodging        | 3 4 5 |  5.0
Ranged Weapons | 5 6 7 |  7.4
Stealth        | |  0.7

Action                     |  1- 3 |  4- 6 |  7- 9 || total
---------------------------+-------+-------+-------++-------
  Melee: Shortbow          |       |       |     4 ||     4
   Fire: Shortbow          |    86 |   191 |    87 ||   364
    Use: Scroll            |       |     6 |     1 ||     7
         Potion            |       |       |     1 ||     1
 Armour: Leather armour    |     6 |     7 |     5 ||    18
  Dodge: Dodged            |    18 |    47 |    24 ||    89
